 Dungeon Crawl Stone Soup version 0.24.0-37-gcf1ca852f1 (webtiles) character file.

Game seed: 7955653364100701855, levelgen mode: deterministic

942 Froggeryz the Basher (level 8, -1/48 HPs)
             Began as a Gargoyle Monk on Dec 2, 2019.
             Was a Believer of Okawaru.
             Slain by Pikel
             ... wielding a +2 whip of flaming
              (3 damage)
             ... on level 5 of the Dungeon.
             The game lasted 00:10:45 (5819 turns).

Froggeryz the Basher (Gargoyle Monk)                Turns: 5819, Time: 00:10:45

Health: -1/48      AC: 12    Str: 18    XL:     8   Next: 12%
Magic:  8/8        EV: 12    Int: 10    God:    Okawaru [**....]
Gold:   41         SH:  0    Dex: 12    Spells: 7/7 levels left

rFire    . . .     SeeInvis +   a - +0 mace
rCold    + . .     Gourm    .   (no shield)
rNeg     + . .     Faith    .   s - +2 leather armour {rC+}
rPois    ∞         Spirit   .   (helmet restricted)
rElec    +         Reflect  .   (no cloak)
rCorr    .         Harm     .   k - +0 pair of gloves
MR       .....                  j - +0 pair of boots
Stlth    ++........             (no amulet)
HPRegen  0.16/turn              q - ring of see invisible
MPRegen  0.11/turn              (no ring)

@: no status effects
A: beak, hooves 1, negative energy resistance 1, sense surroundings 1,
electricity resistance, unbreathing, petrification resistance, rot immunity, AC
+5
a: Heroism, Renounce Religion


You were on level 5 of the Dungeon.
You worshipped Okawaru.
Okawaru was pleased with you.
You were not hungry.

You visited 2 branches of the dungeon, and saw 6 of its levels.
You also visited: Sewer.

You collected 156 gold pieces.
You spent 115 gold pieces at shops.

Inventory:

Hand Weapons
 a - a +0 mace (weapon)
Armour
 f - a +0 helmet
 i - a +1 robe of cold resistance
 j - a +0 pair of boots (worn)
 k - a +0 pair of gloves (worn)
 s - a +2 leather armour of cold resistance (worn)
 x - a +1 robe of magic resistance
Jewellery
 n - an uncursed ring of fire
 q - a ring of see invisible (left hand)
Wands
 o - a wand of polymorph (1)
Scrolls
 e - 4 scrolls of identify
 g - 3 scrolls of teleportation
 h - 2 scrolls of magic mapping
 l - 2 scrolls of remove curse
 m - a scroll of fear {unknown}
 r - 4 scrolls of enchant armour
Potions
 p - a potion of flight
 t - a potion of heal wounds {unknown}
 u - a potion of invisibility
 w - a potion of degeneration {unknown}
 z - a potion of mutation
Comestibles
 b - a chunk of flesh
 c - 6 rations


   Skills:
 + Level 4.6 Fighting
 * Level 9.1 Maces & Flails
 - Level 2.4 Dodging
 - Level 2.1 Stealth


You had 7 spell levels left.
You didn't know any spells.
Your spell library was empty.

Dungeon Overview and Level Annotations

Branches:
Dungeon (5/15)             Temple (1/1) D:5           Sewer (visited)

Altars:
Ashenzari
Dithmenos
Gozag
Kikubaaqudgha
Makhleb
Okawaru
Ru
Trog
Vehumet
Xom
Yredelemnul
Zin
The Shining One

Shops:
D:4 ?

Annotations:
D:5 Pikel


Innate Abilities, Weirdness & Mutations

You are resistant to torment.
Your stone body is resilient. (AC +5)
You are immune to poison.
You resist negative energy. (rN+)
You are resistant to electric shocks. (rElec)
You can survive without breathing.
You are immune to petrification.
You are immune to rotting.
You have a beak for a mouth.
You have large cloven feet.
You passively map a small area around you.


Message History

Pikel hits you but does no damage. The slave hits you.
* * * LOW HITPOINT WARNING * * *
The slave completely misses you.
Unknown command.
As you read the scroll labeled NOIWKO DICW, it crumbles to dust.
It is a scroll of identify.
h - 2 scrolls of magic mapping The slave hits you.
* * * LOW HITPOINT WARNING * * *
Pikel hits you but does no damage.
The slave hits you but does no damage. x2
Unknown command.
As you read the scroll labeled UBOENKUQUA, it crumbles to dust.
The creatures around you are filled with an inner flame!
It was a scroll of immolation.
The slave barely misses you. Pikel hits you but does no damage.
The slave barely misses you. x2
As you read the scroll labeled DEAWNALU SINI, it crumbles to dust.
You feel blessed for a moment.
It was a scroll of remove curse.
The slave barely misses you.
Pikel hits you with a +2 whip of flaming.
You die...

#...,, ,...####.#.# ##.., *#...##
* ##....######.# ,# .,..#
#............# .# * #.#.#
##...#######.###.#
#.#.#########..## ##...#
#.......#.......# ##.## *
###p###.#.#...#.# #####.### , #)#
#.#..#K#..# #........ #.###.#
#....p@p..## #.###)##.
#.....###....#p#...## * #......
######.##.#.#.p.#...### #...##.
##...#.#..........##.#...... *
*##.......'.........+.........
........#.##.........##.#...#..
*,######..#.###.......###........
*, #####....###.....## ###......
* #.)....#.# ##...## #.###.#


You could see Pikel (inner flame) and 4 slaves.

Vanquished Creatures
  Duvessa (D:5)
  A porcupine (D:5)
  2 bullfrogs (Sewer)
  A bullfrog zombie (D:5)
  2 orc priests
  2 centaur skeletons
  A bullfrog skeleton (D:3)
  An iguana (D:4)
  Ijyb (D:4)
  3 gnolls
  14 adders
  14 oozes (Sewer)
  An adder zombie (D:1)
  2 adder skeletons
  2 worms
  4 dart slugs
  15 leopard geckos
  6 orcs
  8 bats
  A bat zombie (D:1)
  15 giant cockroaches
  7 goblins
  3 hobgoblins
  4 jackals (D:4)
  2 quokkas
  9 ball pythons (Sewer)
  14 frilled lizards
  6 kobolds
  6 rats
148 creatures vanquished.

Notes
Turn   | Place    | Note
-------+----------+-------------------------------------------
     0 | D:1      | Froggeryz the Gargoyle Monk began the quest for the Orb.
     0 | D:1      | Reached XP level 1. HP: 14/14 MP: 1/1
    56 | D:1      | Reached XP level 2. HP: 8/19 MP: 2/2
   907 | D:1      | Reached skill level 4 in Maces & Flails
  1014 | D:1      | Reached XP level 3. HP: 9/23 MP: 3/3
  1935 | D:2      | Reached XP level 4. HP: 23/28 MP: 4/4
  1994 | D:2      | Found a faded altar of an unknown god.
  2237 | D:2      | Reached skill level 5 in Maces & Flails
  2392 | D:3      | Found an ancient bone altar of Kikubaaqudgha.
  2441 | D:3      | Reached XP level 5. HP: 32/32 MP: 5/5
  2654 | D:3      | Reached skill level 6 in Maces & Flails
  2844 | D:3      | Found a glowing drain.
  2848 | Sewer    | Entered a sewer
  2954 | Sewer    | Reached XP level 6. HP: 37/37 MP: 6/6
  3222 | Sewer    | Reached skill level 7 in Maces & Flails
  3423 | Sewer    | Gained mutation: You have large cloven feet. [potion of
                  | mutation]
  3423 | Sewer    | Gained mutation: You have a beak for a mouth. [potion of
                  | mutation]
  3423 | Sewer    | Gained mutation: You passively map a small area around you.
                  | [potion of mutation]
  3446 | Sewer    | Reached XP level 7. HP: 17/41 MP: 7/7
  3559 | D:3      | Reached skill level 8 in Maces & Flails
  3824 | D:3      | Found a shimmering altar of Xom.
  4315 | D:4      | Found Aweggas's Magic Scroll Shoppe.
  4320 | D:4      | Bought a scroll of teleportation for 33 gold pieces
  4320 | D:4      | Bought a scroll of enchant armour for 82 gold pieces
  4325 | D:4      | Noticed Ijyb
  4336 | D:4      | Killed Ijyb
  4759 | D:4      | Found a glowing silver altar of Zin.
  4947 | D:4      | Found a glowing golden altar of the Shining One.
  5105 | D:5      | Entered Level 5 of the Dungeon
  5107 | D:5      | Found a staircase to the Ecumenical Temple.
  5115 | Temple   | Entered the Ecumenical Temple
  5142 | Temple   | Became a worshipper of Warmaster Okawaru
  5142 | Temple   | Reached * piety under Okawaru
  5142 | Temple   | Reached ** piety under Okawaru
  5176 | D:5      | Noticed Pikel
  5562 | D:5      | Noticed Dowan
  5564 | D:5      | Noticed Dowan
  5564 | D:5      | Dowan changed into Dowan the porcupine
  5565 | D:5      | Noticed Duvessa
  5583 | D:5      | Killed Dowan the porcupine
  5583 | D:5      | Reached XP level 8. HP: 28/48 MP: 8/8
  5591 | D:5      | Killed Duvessa
  5591 | D:5      | Reached skill level 9 in Maces & Flails
  5817 | D:5      | HP: 1/48 [slave[Pikel] (5)]
  5819 | D:5      | Slain by Pikel

Levels and vault maps discovered:
D:1:      saegor_arrival_fortress, layout_basic
D:2:      layout_loops_cross, chequers_ecumenical_altar_simple
D:3:      layout_loops_ring, old_standard_altar, gup_sewer_entry_spiral, tgw_xom
D:4:      layout_basic, old_standard_altar, first_ration, serial_shops,
          kennysheep_little_box, tso_metal_star, uniq_ijyb
D:5:      layout_loops_corners, gammafunk_temple_overflow_pools,
          gammafunk_temple_overflow_wave, minmay_temple_entry_crystal_x,
          tgw_trog, uniq_duvessa, uniq_sigmund, uniq_eustachio, uniq_pikel,
          uniq_grinder
Temple:   chequers_temple_sunken

Skill      XL: |  1  2  3  4  5  6  7  8 |
---------------+-------------------------+-----
Maces & Flails | 4 5 6 7 8 9 |  9.1
Fighting       | 4 |  4.6
Dodging        | |  2.4
Stealth        | |  2.1

Action                   |  1- 3 |  4- 6 |  7- 9 || total
-------------------------+-------+-------+-------++-------
Melee: Mace              |    94 |   369 |   144 ||   607
       Peck              |       |     6 |    33 ||    39
       Unarmed           |       |       |    16 ||    16
Evoke: Wand              |       |       |     7 ||     7
  Use: Potion            |     2 |     3 |     3 ||     8
       Scroll            |       |       |     4 ||     4
 Stab: Sleeping          |     2 |     4 |       ||     6
       Distracted        |     1 |       |       ||     1
  Eat: Ration            |     1 |       |       ||     1
       Chunk             |       |     6 |     7 ||    13
Armor: Robe              |    38 |   185 |    44 ||   267
       Skin              |     4 |       |       ||     4
       Leather armour    |       |       |    22 ||    22
Dodge: Dodged            |    74 |   292 |    93 ||   459
